 Dungeon Crawl Stone Soup version 0.31-a0-698-g4a7cf283bb (webtiles) character file.

Game seed: 5600618729713593564

50 qw the Shooter (level 3, -3/22 HPs)
             Began as a Gargoyle Hunter on Sept 7, 2023.
             Slain by a gnoll
             ... wielding a +0 whip
              (4 damage)
             ... on level 2 of the Dungeon.
             The game lasted 00:00:21 (722 turns).

qw the Shooter (Gargoyle Hunter)                     Turns: 722, Time: 00:00:21

Health: -3/22      AC:  8    Str: 14    XL:     3   Next: 79%
Magic:  3/3        EV: 10    Int:  9    God:
Gold:   25         SH:  0    Dex: 15    Spells: 2/2 levels left

rFire   . . .        i - +0 shortbow (heavy)
rCold   . . .        (shield currently unavailable)
rNeg    + . .        g - +0 ring mail
rPois   inf          (no helmet)
rElec   +            (no cloak)
rCorr   .            (no gloves)
SInv    .            (no boots)
Will    .....        (no amulet)
Stlth   +            (no ring)
HPRegen 0.23/turn    (no ring)
MPRegen 0.08/turn

%: no passive effects
@: no status effects
A: sickness immunity, AC +3, negative energy resistance 1, electricity
resistance, torment resistance 1, petrification resistance
a: no special abilities


You were on level 2 of the Dungeon.
You visited 1 branch of the dungeon, and saw 2 of its levels.

You collected 25 gold pieces.


Innate Abilities, Weirdness & Mutations

You are immune to sickness and miasma.
Your stone body is resilient. (AC +3)
You are immune to poison.
You resist negative energy. (rN+)
You are resistant to electric shocks. (rElec)
You are resistant to unholy torment.
You are immune to petrification.


   Skills:
 + Level 2.5 Fighting
 - Level 5.0 Ranged Weapons
 - Level 1.2 Armour
 - Level 1.5 Dodging
 - Level 1.1 Stealth


You had 2 spell levels left.
You didn't know any spells.
Your spell library was empty.

Inventory:

Hand Weapons
 i - a +0 heavy shortbow (weapon)
Armour
 g - a +0 ring mail (worn)
Potions
 d - a potion of brilliance {unknown}
 e - a potion of curing {unknown}
 f - a potion of mutation {unknown}
 j - a potion of lignification {unknown}
 l - a potion of magic {unknown}

Dungeon Overview and Level Annotations

Branches:
Dungeon (2/15)

Altars:


Message History

The gnoll hits you but does no damage. The gnoll closely misses you.
You shoot an arrow. The arrow closely misses the gnoll.
The gnoll barely misses you. The gnoll misses you.
You shoot an arrow. The arrow hits the gnoll!
The gnoll is heavily wounded.
The gnoll hits you with a +0 flail. The gnoll misses you.
You shoot an arrow. The arrow hits the gnoll!
You kill the gnoll!
692 ||| STAIRDANCE You climb upwards.
There is a stone staircase leading down here.
You start resting.
HP restored.
Done exploring.
What level of the Dungeon? (default 2, ? - help)
You climb downwards.
There is a stone staircase leading up here.
A gnoll comes into view. It is wielding a +0 flail.
The gnoll shouts!
You hear a shout!
You shoot an arrow. The arrow hits the gnoll.
The gnoll is lightly wounded.
You shoot an arrow. The arrow hits the gnoll.
The gnoll is moderately wounded.
A gnoll comes into view. It is wielding a +0 whip.
You shoot an arrow. The arrow hits the gnoll.
The gnoll is lightly wounded.
The gnoll hits you with a +0 whip. The gnoll barely misses you.
The gnoll hits you with a +0 whip.
You shoot an arrow.
The arrow hits the gnoll but does no damage.
The gnoll is moderately wounded.
The gnoll misses you. The gnoll hits you with a +0 whip.
You shoot an arrow. The arrow hits the gnoll.
The gnoll is severely wounded.
The gnoll hits you with a +0 flail! The gnoll barely misses you. x2
The gnoll closely misses you.
You shoot an arrow. The arrow hits the gnoll.
The gnoll is severely wounded.
The gnoll barely misses you. The gnoll hits you with a +0 whip.
You die...

#%#.. #.#. 7
#... %7 #..#
### #..#...#
#.$7...#
###..'.8.+
#..gg7...#
#....##@# ..#
7. #### #.##
## 7.. #..7
7..#
##.777777...#
#.........>.
##.)<.....#
##:......#
#.......#
##.######


You could see 2 gnolls.

Vanquished Creatures
  3 gnolls
  A dart slug (D:1)
  2 endoplasms (D:1)
  A giant cockroach (D:1)
  2 goblins (D:1)
  3 quokkas
  A bat (D:1)
  5 frilled lizards (D:1)
  3 rats (D:1)
21 creatures vanquished.

Notes
Turn   | Place    | Note
-------+----------+-------------------------------------------
     0 | D:1      | qw the Gargoyle Hunter began the quest for the Orb.
     0 | D:1      | Reached XP level 1. HP: 12/12 MP: 1/1
     0 | D:1      | 0 ||| qw: Version: 0.3-a-76-g4403597
     0 | D:1      | 0 ||| qw: Game counter: 385
     0 | D:1      | 0 ||| qw: Melee chars always use a shield: true
     0 | D:1      | 0 ||| qw: God list: Okawaru
     0 | D:1      | 0 ||| qw: Allow faded altars: false
     0 | D:1      | 0 ||| qw: Do Orc after clearing Dungeon:15 true
     0 | D:1      | 0 ||| qw: Do second Lair branch before Depths: true
     0 | D:1      | 0 ||| qw: Lair rune preference: random
     0 | D:1      | 0 ||| qw: Goals: Normal
     0 | D:1      | 0 ||| PLANNING D:1-11
    90 | D:1      | HP: 3/12 [frozen (3)]
    98 | D:1      | Reached XP level 2. HP: 7/17 MP: 2/2
   296 | D:1      | Reached XP level 3. HP: 21/21 MP: 3/3
   492 | D:1      | Reached skill level 5 in Ranged Weapons
   593 | D:1      | 593 ||| UPGRADING to +0 ring mail.
   603 | D:1      | 603 ||| DROPPING +0 leather armour.
   604 | D:1      | 604 ||| DROPPING ring of wizardry.
   605 | D:1      | 605 ||| READING 2 scrolls labelled VIHO FUDOIRUE.
   606 | D:1      | 606 ||| READING scroll of brand weapon.
   606 | D:1      | 606 ||| BRANDING +0 shortbow of freezing.
   607 | D:1      | 607 ||| READING scroll labelled SUVISE HEUVI.
   608 | D:1      | 608 ||| DROPPING scroll of butterflies.
   650 | D:2      | Reached skill level 1 in Armour
   662 | D:2      | 662 ||| FLEEEEING.
   663 | D:2      | 663 ||| FLEEEEING.
   664 | D:2      | 664 ||| FLEEEEING.
   665 | D:2      | 665 ||| FLEEEEING.
   666 | D:2      | 666 ||| FLEEEEING.
   667 | D:2      | 667 ||| FLEEEEING.
   670 | D:2      | 670 ||| STAIRDANCE
   692 | D:2      | 692 ||| STAIRDANCE
   721 | D:2      | HP: 1/22 [gnoll/+0 flail (8)]
   722 | D:2      | Slain by a gnoll

Levels and vault maps discovered:
D:1:      psy_arrival_radial02, layout_rooms
D:2:      layout_basic, dilly_ecumenical_altar_fadedgnrine, serial_shops, shop,
          kennysheep_small_spiral, minmay_misc_feat_tiny, minmay_domino_2

Skill      XL: |  1  2  3 |
---------------+----------+-----
Ranged Weapons | 5 |  5.0
Armour         | 1 |  1.2
Fighting       | |  2.5
Dodging        | |  1.5
Stealth        | |  1.1

Action                     || total
---------------------------++-------
   Fire: Shortbow          ||    73
    Use: Scroll            ||     3
 Armour: Leather armour    ||    12
         Ring mail         ||    10
  Dodge: Dodged            ||    20

Table legend:
 A = Non-vault XP
 B = Vault XP
 C = Vault XP percentage of total XP
 D = Non-vault monster count
 E = Vault monster count
 F = Vault count percentage of total count
                 A         B        C        D         E       F
            +---------+---------+-------+---------+---------+-------
      Total |      72 |       0 |   0.0 |      21 |       0 |   0.0
            +---------+---------+-------+---------+---------+-------
        D:1 |      39 |       0 |   0.0 |      17 |       0 |   0.0
        D:2 |      33 |       0 |   0.0 |       4 |       0 |   0.0
            +---------+---------+-------+---------+---------+-------
